 Dungeon Crawl Stone Soup version 0.30-a0-595-g91969c0fa5 (webtiles) character file.

Game seed: 16718643793178649145

311 Leeroy the Insei (level 6, -3/38 HPs)
             Began as an Octopode Transmuter on Jan 6, 2023.
             Slain by a killer bee (9 damage)
             ... on level 4 of the Dungeon.
             The game lasted 00:06:59 (2806 turns).

Leeroy the Insei (Octopode Transmuter)              Turns: 2806, Time: 00:06:59

Health: -3/38      AC:  1    Str:  9    XL:     6   Next: 42%
Magic:  9/9        EV: 13    Int: 18    God:
Gold:   263        SH:  0    Dex: 12    Spells: 3/9 levels left

rFire   . . .      SeeInvis .      - Unarmed
rCold   . . .      Faith    .    (no shield)
rNeg    . . .      Spirit   .    (helmet restricted)
rPois   .          Reflect  .    (no amulet)
rElec   .          Harm     .    (no ring)
rCorr   .          Rampage  .    (no ring)
Will    .....                    (no ring)
Stlth   +                        (no ring)
HPRegen 0.26/turn                (no ring)
MPRegen 0.11/turn                (no ring)
                                 (no ring)
                                 (no ring)

@: silenced
A: almost no armour, amphibious, 8 rings, camouflage 1, gelatinous body 1,
(nimble swimmer 1), tentacles
a: no special abilities


You were on level 4 of the Dungeon.
You visited 1 branch of the dungeon, and saw 4 of its levels.

You collected 263 gold pieces.

Inventory:

Hand Weapons
 j - a +0 dagger
 k - a +0 rapier
 m - a +2 short sword of draining
Missiles
 c - 4 javelins
 r - 7 poisoned darts (quivered)
Jewellery
 u - a ring of flight
Wands
 p - a wand of iceblast (8)
 q - a wand of mindburst (8)
Scrolls
 b - 2 scrolls of identify
 l - a scroll of fear {unknown}
 n - a scroll of fog {unknown}
 s - a scroll of magic mapping {unknown}
 t - a scroll of vulnerability {unknown}
Potions
 d - 3 potions of flight {unknown}
 e - 2 potions of heal wounds {unknown}
 f - 5 potions of curing
 i - a potion of degeneration {unknown}
 o - a potion of might {unknown}


   Skills:
 - Level 1.0 Fighting
 - Level 2.0 Dodging
 + Level 6.9 Unarmed Combat
 - Level 2.0 Spellcasting
 - Level 2.0 Transmutations
 + Level 0.8 Poison Magic


You had 3 spell levels left.
You knew the following spells:

 Your Spells              Type           Power      Damage    Failure   Level
a - Beastly Appendage     Tmut           18%        N/A       8%          1
b - Spider Form           Tmut/Pois      7%         N/A       30%         3
c - Wereblood             Tmut           9%         N/A       12%         2

Your spell library contained the following spells:

 Spells                   Type           Power      Damage    Failure   Level
 Ice Form                 Ice/Tmut       5%         N/A       75%         4


Dungeon Overview and Level Annotations

Branches:
Dungeon (4/15)
 Temple: D:4-7

Altars:
Dithmenos
Elyvilon
Gozag
Hepliaklqana
Makhleb
Qazlal
Uskayaw

Annotations:
D:4 Menkaure


Innate Abilities, Weirdness & Mutations

You cannot wear most types of armour.
You are amphibious.
You can wear up to eight rings at the same time.
Your skin changes colour to match your surroundings (Stealth+).
Your rubbery body absorbs attacks. (AC +1, EV +1)
((You are camouflaged when in or above water. (Stealth+)))
You have tentacles for arms and can constrict up to eight enemies at once.


Message History

The killer bee is almost dead.
You feel very sick.
The killer bee stings you but does no damage.
The orc priest hits you but does no damage.
The orc hits you but does no damage. The killer bee stings you.
You barely miss the killer bee.
The killer bee is almost dead.
You feel sick. The killer bee completely misses you.
The orc priest hits you but does no damage.
The orc hits you with a +0 club.
* * * LOW HITPOINT WARNING * * *
You smack the killer bee!
You kill the killer bee!
You feel sick.
The orc priest hits you but does no damage.
The orc hits you but does no damage.
You barely miss the orc priest.
You feel sick.
The orc priest hits you but does no damage.
The orc hits you but does no damage.
You barely miss the orc priest.
You feel sick.
The killer bee buzzes angrily.
You hear an angry buzzing noise.
The orc priest hits you but does no damage.
The orc hits you with a +0 club.
* * * LOW HITPOINT WARNING * * *
You hit the orc priest but do no damage.
You feel less wooden.
You feel sick.
The orc priest hits you with a +0 hand axe.
* * * LOW HITPOINT WARNING * * *
The orc hits you with a +0 club.
* * * LOW HITPOINT WARNING * * *
It was a potion of curing.
You feel better. The killer bee closely misses you. x2
The orc priest hits you with a +0 hand axe!
* * * LOW HITPOINT WARNING * * *
The orc barely misses you.
Okay, then.
As you read the scroll labelled GEAFONA KEOFEG, it crumbles to dust.
A profound silence engulfs you.
It was a scroll of silence.
The killer bee stings you!
You die...

. ##.o $.... #####......
###.....# ##..)o.#.....#
#..y. ##...@o.#......
..). #...†)y.#...... y...
#...###........ ...
##....#.##....# ##..
####y...##...... #...
#.#............. #..
###.......y.......# ###.
#.................####.<.
##.......................


You could see a killer bee, an orc priest and an orc.

Vanquished Creatures
  A scorpion (D:4)
  2 killer bees (D:4)
  Ijyb (D:3)
  An orc wizard (D:4)
  3 gnolls (D:2)
  3 adders
  A worm (D:3)
  A dart slug (D:3)
  An orc (D:3)
  2 bats
  5 endoplasms
  2 giant cockroaches
  5 hobgoblins
  12 kobolds
  3 quokkas
  6 ball pythons
  A frilled lizard (D:2)
  2 goblins (D:1)
  3 rats
55 creatures vanquished.

Vanquished Creatures (others)
  An orc (D:4)
1 creature vanquished.

Grand Total: 56 creatures vanquished

Notes
Turn   | Place    | Note
-------+----------+-------------------------------------------
     0 | D:1      | Leeroy the Octopode Transmuter began the quest for the Orb.
     0 | D:1      | Reached XP level 1. HP: 13/13 MP: 3/3
   206 | D:1      | Reached XP level 2. HP: 9/18 MP: 1/5
   378 | D:1      | Reached skill level 4 in Unarmed Combat
   495 | D:1      | Reached XP level 3. HP: 23/23 MP: 3/6
   849 | D:2      | Identified the +1 ring mail of the Foremost Xenops {rPois
                  | Str+4}
  1100 | D:3      | You fall into a shaft and drop 1 floor!
  1165 | D:3      | Reached XP level 4. HP: 28/28 MP: 5/7
  1301 | D:3      | Found an opulent altar of Gozag.
  1320 | D:3      | Noticed Ijyb
  1331 | D:3      | Killed Ijyb
  1332 | D:3      | Reached skill level 5 in Unarmed Combat
  1481 | D:3      | Learned a level 3 spell: Spider Form
  1484 | D:3      | Learned a level 2 spell: Wereblood
  1565 | D:3      | Found a faded altar of an unknown god.
  1888 | D:3      | Found a shadowy altar of Dithmenos.
  1888 | D:3      | Found a hazy altar of Hepliaklqana.
  1888 | D:3      | Found a hide-covered altar of Uskayaw.
  1888 | D:3      | Found a stormy altar of Qazlal.
  1896 | D:3      | Found a white marble altar of Elyvilon.
  1898 | D:3      | Found a burning altar of Makhleb.
  2139 | D:3      | Reached XP level 5. HP: 5/33 MP: 8/8
  2542 | D:4      | Reached skill level 6 in Unarmed Combat
  2609 | D:4      | Noticed Menkaure
  2759 | D:4      | Noticed a black bear
  2771 | D:4      | Reached XP level 6. HP: 29/38 MP: 9/9
  2806 | D:4      | Slain by a killer bee

Illustrated notes

Levels and vault maps discovered:
D:1:      evilmike_arrival_hilbert_curve, layout_rooms
D:2:      layout_rooms
D:3:      layout_basic, mainiacjoe_overflow_paths, minmay_overflow_temple_hex,
          chequers_ecumenical_altar_twisty, uniq_ijyb
D:4:      gammafunk_wand_slinger, layout_cave_pools, kennysheep_windowed_goal,
          uniq_menkaure, uniq_eustachio

Skill      XL: |  1  2  3  4  5 |
---------------+----------------+-----
Unarmed Combat | 4 5 6 |  6.9
Fighting       | |  1.0
Dodging        | |  2.0
Spellcasting   | |  2.0
Transmutations | |  2.0
Poison Magic   | |  0.8

Action                   |  1- 3 |  4- 6 || total
-------------------------+-------+-------++-------
Melee: Unarmed           |    88 |    57 ||   145
       Constrict         |    23 |     6 ||    29
       Tentacles         |    18 |     9 ||    27
       Kick              |     8 |     4 ||    12
       Punch             |     2 |     2 ||     4
Throw: Dart              |       |     1 ||     1
 Cast: Beastly Appendage |     6 |     5 ||    11
       Spider Form       |       |     1 ||     1
  Use: Scroll            |       |     3 ||     3
       Potion            |       |     2 ||     2
 Stab: Sleeping          |     3 |     2 ||     5
Armor: Skin              |     5 |    47 ||    52
Dodge: Dodged            |    49 |    28 ||    77

Table legend: (Time is in decaauts)
 A = Elapsed time spent in this place.
 B = Non-inter-level travel time spent in this place.
 C = Inter-level travel time spent in this place.
 D = Time resting spent in this place.
 E = Time spent auto-exploring this place.
 F = Levels seen in this place.
 G = Mean time per level.
                   A        B        C        D        E       F      G
               +--------+--------+--------+--------+--------+-----+--------+
         Total |   2794 |   2505 |    289 |     93 |   1868 |   4 |  698.5 |
       Dungeon |   2794 |   2505 |    289 |     93 |   1868 |   4 |  698.5 |
               +--------+--------+--------+--------+--------+-----+--------+

Top non-repeatable levels by time:
     D:3: 1265 daAuts
     D:1: 698 daAuts
     D:2: 645 daAuts
     D:4: 184 daAuts
